Map: Crête de Lerilak

Players

Worming - Winner!

  • Race: Zerg Zerg
  • League: Diamond

Colt

  • Race: Protoss Protoss
  • League: Diamond

VOD

Have the link to the VOD?

Description

Time

  • Played on: Nov. 21, 2015, 7:44 a.m.
  • Length: 19:00
Show
View Real Time Build Order
Export as new Build Order

Worming Zerg - Winner!

Build Orders: 3 Hatch before Pool, Lurkers 

Get SALT Encoding   

  12  0:01  Drone  
  13  0:12  Overlord  
  13  0:17  Drone  
  14  0:31  Drone x2  
  14  0:35  Drone  
  17  0:53  Hatchery  
  17  0:57  Drone  
  17  0:59  Drone  
  18  1:10  Drone  
  19  1:18  Drone  
  20  1:28  Hatchery  
  19  1:39  Spawning Pool  
  18  1:41  Drone  
  18  1:45  Drone  
  20  1:50  Drone  
  21  2:01  Overlord  
  21  2:13  Drone x2  
  23  2:16  Extractor  
  23  2:21  Drone  
  23  2:26  Queen x2  
  23  2:27  Zergling x2  
  23  2:29  Zergling x2  
  29  2:40  Drone x2  
  29  2:43  Drone x2  
  33  2:45  Queen  
  35  2:56  Overlord  
  35  2:57  Drone x2  
  37  3:07  Drone x3  
  37  3:09  Overlord  
  39  3:17  Drone x2  
  40  3:20  Roach Warren  
  40  3:22  Metabolic Boost  
  39  3:28  Drone  
  39  3:30  Zergling x2  
  39  3:31  Zergling x2  
  42  3:35  Drone x3  
  42  3:37  Drone x2  
  42  3:38  Drone  
  48  3:43  Queen  
  50  3:50  Overlord x2  
  50  4:00  Roach x3  
  56  4:08  Drone  
  56  4:09  Drone x2  
  58  4:16  Roach  
  58  4:17  Roach  
  62  4:18  Roach  
  62  4:19  Zergling x6  
  67  4:27  Extractor  
  65  4:38  Extractor  
  64  4:39  Drone x2  
  64  4:40  Drone x7  
  64  4:41  Drone  
  74  4:56  Overlord x2  
  74  4:57  Overlord  
  69  5:17  Drone x3  
  69  5:18  Drone x2  
  69  5:19  Drone  
  69  5:20  Drone x3  
  78  5:22  Extractor  
  78  5:24  Drone x5  
  78  5:26  Extractor  
  78  5:28  Extractor  
  80  5:31  Ravager x4  
  80  5:33  Overlord x3  
  84  5:38  Zergling x6  
  84  5:39  Zergling x6, Evolution Chamber  
  84  5:40  Hatchery, Evolution Chamber  
  87  5:55  Lair  
  87  6:04  Zergling x2, Ravager x2  
  88  6:05  Zergling x20  
  98  6:29  Drone  
  98  6:30  Drone x3  
  98  6:31  Drone x2  
  98  6:32  Drone x2  
  106  6:34  Zerg Missile Weapons Level 1, Zerg Ground Armor Level 1  
  106  6:36  Drone x2  
  106  6:37  Queen  
  106  6:38  Drone  
  104  6:57  Drone x2  
  104  6:58  Drone x6  
  112  7:13  Pneumatized Carapace  
  112  7:17  Spire  
  112  7:21  Zergling x18  
  112  7:22  Infestation Pit  
  119  7:25  Extractor  
  119  7:28  Extractor  
  116  7:46  Drone x2  
  116  7:47  Drone  
  116  7:48  Drone  
  116  7:49  Overlord x6  
  116  7:51  Glial Reconstitution  
  120  7:56  Hydralisk Den  
  106  8:24  Drone  
  106  8:25  Drone  
  108  8:31  Mutalisk x9  
  108  8:32  Mutalisk x2  
  108  8:34  Zergling x24  
  131  8:37  Hatchery  
  141  8:41  Zerg Missile Weapons Level 2  
  140  8:50  Hydralisk x6  
  141  9:21  Drone x3  
  142  9:29  Hive  
  142  9:30  Zerg Ground Armor Level 2  
  142  9:33  Lurker Den  
  133  9:46  Roach x12  
  133  9:47  Roach x4  
  133  9:52  Zergling x2  
  155  10:24  Hydralisk  
  155  10:25  Roach x4, Hydralisk x3  
  171  10:31  Zerg Flyer Weapons Level 1  
  163  10:45  Overlord  
  159  10:52  Overlord x6  
  152  11:09  Overseer x2  
  144  11:14  Lurker x7  
  144  11:17  Muscular Augments  
  150  11:20  Zergling x2  
  150  11:21  Zergling x8, Hydralisk x4  
  150  11:22  Zergling x8, Hydralisk x3  
  150  11:23  Zergling x2  
  168  11:43  Drone x4  
  168  11:44  Drone x4  
  168  11:47  Zerg Missile Weapons Level 3  
  174  11:53  Zergling x2  
  175  11:59  Zerg Ground Armor Level 3  
  175  12:03  Overlord  
  175  12:15  Extractor  
  174  12:16  Spine Crawler  
  174  12:18  Extractor  
  168  12:36  Corruptor x6  
  168  12:37  Corruptor x3  
  150  12:39  Hydralisk  
  166  12:44  Drone x3  
  166  12:45  Drone x3  
  166  12:47  Greater Spire  
  166  13:10  Hydralisk  
  166  13:11  Hydralisk x4  
  166  13:12  Corruptor x5, Roach x4, Hydralisk  
  166  14:13  Hatchery  
  163  14:31  Hydralisk x3  
  163  14:32  Roach x4, Hydralisk x4  
  163  14:33  Roach x4, Hydralisk  
  189  14:39  Zerg Melee Weapons Level 1  
  189  14:41  Spire  
  189  14:44  Burrow, Ultralisk Cavern  
  189  14:45  Pathogen Glands, Hydralisk  
  185  14:46  Roach x3, Hydralisk x2  
  185  14:47  Roach  
  185  14:48  Zergling x2  
  196  15:28  Corruptor x2, Hydralisk x2  
  200  15:41  Neural Parasite  
  200  15:47  Extractor  
  200  15:48  Extractor  
  198  15:52  Hatchery  
  181  16:19  Corruptor x2, Hydralisk  
  181  16:20  Corruptor x3, Hydralisk x4  
  195  16:28  Queen x2  
  194  16:59  Corruptor x2, Hydralisk  
  194  17:00  Corruptor x2, Hydralisk x3  
  198  17:08  Corruptor  
  198  17:14  Extractor  
  162  17:25  Corruptor x5, Hydralisk x4  
  162  17:26  Corruptor, Hydralisk  
  162  17:27  Hydralisk  
  176  17:38  Roach x2  
  176  17:39  Roach x10  
  142  18:06  Corruptor, Hydralisk  
  142  18:07  Corruptor x4, Hydralisk x5  
  142  18:08  Corruptor x4, Hydralisk x3  
  142  18:09  Roach  
  142  18:10  Roach x14  
  190  18:23  Corruptor x2, Hydralisk x3  
  200  18:31  Overseer  
Show
View Real Time Build Order
Export as new Build Order

Colt Protoss 

Build Orders: 1 Gate Expand 

Get SALT Encoding   

  12  0:01  Probe (Chrono Boost)  
  13  0:11  Probe (Chrono Boost)  
  14  0:22  Probe (Chrono Boost)  
  14  0:25  Pylon  
  15  0:44  Gateway, Probe (Chrono Boost)  
  15  0:46  Assimilator  
  16  0:54  Probe (Chrono Boost)  
  17  1:05  Probe (Chrono Boost)  
  18  1:17  Probe (Chrono Boost)  
  19  1:26  Nexus  
  19  1:30  Probe (Chrono Boost)  
  20  1:38  Pylon  
  20  1:42  Probe (Chrono Boost)  
  21  1:52  Cybernetics Core  
  21  1:55  Probe (Chrono Boost)  
  22  2:06  Probe (Chrono Boost)  
  23  2:16  Probe (Chrono Boost)  
  24  2:29  Warp Gate  
  25  2:30  Adept (Chrono Boost)  
  25  2:34  Mothership Core  
  25  2:36  Assimilator  
  28  2:44  Probe  
  28  2:48  Pylon  
  28  2:50  Pylon  
  29  2:55  Probe, Adept (Chrono Boost)  
  29  2:58  Probe  
  33  3:07  Probe  
  33  3:08  Probe  
  35  3:19  Probe x2  
  36  3:23  Adept (Chrono Boost)  
  39  3:29  Pylon  
  39  3:31  Probe x2, Assimilator  
  41  3:36  Assimilator  
  41  3:43  Probe (Chrono Boost)  
  41  3:45  Probe (Chrono Boost)  
  43  3:54  Probe (Chrono Boost)  
  44  3:56  Probe (Chrono Boost)  
  45  4:05  Probe (Chrono Boost)  
  45  4:06  Probe (Chrono Boost)  
  47  4:15  Probe (Chrono Boost)  
  46  4:37  Probe (Chrono Boost)  
  46  4:38  Probe (Chrono Boost), Robotics Facility  
  48  4:40  Gateway  
  48  4:42  Gateway  
  48  4:44  Gateway  
  48  4:48  Probe x2 (Chrono Boost)  
  50  4:54  Sentry  
  50  4:59  Nexus, Probe x2 (Chrono Boost)  
  54  5:02  Assimilator, Pylon  
  54  5:06  Assimilator  
  54  5:09  Pylon  
  52  5:16  Probe (Chrono Boost)  
  52  5:17  Probe (Chrono Boost)  
  52  5:18  Sentry  
  54  5:23  Pylon  
  54  5:25  Pylon  
  54  5:26  Immortal (Chrono Boost)  
  58  5:31  Probe  
  58  5:33  Probe  
  58  5:35  Twilight Council  
  60  5:37  Pylon  
  60  5:40  Sentry x3  
  60  5:41  Sentry  
  68  5:45  Probe  
  68  5:46  Probe  
  70  5:58  Probe  
  70  6:03  Immortal (Chrono Boost)  
  75  6:05  Sentry x4  
  75  6:08  Robotics Bay  
  83  6:27  Pylon  
  83  6:29  Pylon  
  83  6:32  Stalker x4  
  91  6:35  Probe x2  
  91  6:36  Probe  
  91  6:38  Immortal (Chrono Boost)  
  98  6:57  Stalker x4  
  106  7:02  Probe  
  106  7:03  Probe  
  106  7:04  Probe  
  109  7:11  Disruptor (Chrono Boost)  
  112  7:16  Probe  
  112  7:17  Probe  
  112  7:18  Probe  
  112  7:21  Forge x2  
  115  7:45  Stalker  
  115  7:49  Pylon  
  115  7:50  Pylon  
  117  7:52  Pylon  
  117  7:55  Protoss Ground Weapons Level 1, Protoss Ground Armor Level 1  
  117  8:01  Pylon  
  117  8:02  Pylon  
  117  8:03  Pylon  
  117  8:06  Probe x2, Disruptor (Chrono Boost)  
  117  8:07  Probe, Pylon  
  117  8:10  Pylon  
  123  8:17  Stalker  
  123  8:18  Stalker x3  
  131  8:23  Blink (Chrono Boost)  
  131  8:26  Probe  
  132  8:28  Pylon  
  132  8:30  Stargate  
  132  8:33  Disruptor  
  132  8:34  Stargate  
  132  8:36  Stargate  
  135  9:03  Nexus  
  135  9:06  Assimilator  
  135  9:11  Assimilator  
  135  9:15  Pylon  
  129  9:18  Pylon  
  119  9:30  Stalker x4  
  127  9:31  Pylon  
  127  9:32  Disruptor  
  127  9:33  Phoenix x3  
  127  9:34  Pylon  
  127  9:37  Pylon  
  136  9:56  Protoss Ground Weapons Level 2, Protoss Ground Armor Level 2  
  136  9:57  Fleet Beacon  
  136  9:58  Pylon, Phoenix x3  
  141  10:03  Stalker x2  
  141  10:04  Stalker x2  
  126  10:35  Probe  
  126  10:36  Probe x2  
  125  10:46  Carrier  
  125  10:47  Carrier x2  
  143  10:51  Probe x2  
  143  10:53  Probe x2  
  147  11:02  Disruptor  
  147  11:05  Probe  
  151  11:25  Nexus, Probe x2  
  151  11:26  Probe x2  
  151  11:29  Assimilator  
  155  11:34  Assimilator  
  152  11:44  Probe x2  
  152  11:45  Probe  
  152  11:46  Probe  
  154  11:54  Stalker x3  
  154  11:55  Stalker  
  154  11:59  Observer  
  163  12:19  Carrier x3 (Chrono Boost)  
  145  12:43  Stalker  
  145  12:44  Stalker x3  
  151  12:48  Protoss Ground Weapons Level 3, Protoss Ground Armor Level 3  
  131  13:13  Immortal  
  115  13:25  Stalker x4  
  111  13:32  Mothership Core  
  111  13:44  Nexus  
  111  13:57  Templar Archives  
  111  14:27  Graviton Catapult  
  111  14:39  Nexus  
  111  14:45  Tempest (Chrono Boost)  
  123  14:46  High Templar x4  
  127  15:18  Psionic Storm  
  115  15:25  Tempest (Chrono Boost)  
  119  15:43  Nexus  
  119  15:45  High Templar x4, Pylon  
  127  16:35  Nexus  
  127  16:36  Zealot x2  
  127  16:37  Zealot x2  
  127  16:38  Pylon  
  115  17:30  Stalker x2  
  115  17:31  Stalker x2  
  127  17:37  Immortal  
  97  18:21  Immortal  
  97  18:31  High Templar x4  
  99  18:50  Archon  
Tags
 
Add a new tag
Caveats
  • Supply blocks, unpowered buildings, or Contaminate may cause inaccurate times.
  • Supply counts are checked every 10 seconds.